 Dungeon Crawl Stone Soup version 0.30.1-11-g7821555f0a (webtiles) character file.

Game seed: 16790511685460435193

2188 monsoonserge the Carver (level 9, -3/69 HPs)
             Began as a Merfolk Monk on Nov 2, 2023.
             Was a Believer of Makhleb.
             Slain by a purple ugly thing (16 damage)
             ... on level 7 of the Dungeon.
             The game lasted 00:20:46 (5610 turns).

monsoonserge the Carver (Merfolk Monk)              Turns: 5610, Time: 00:20:46

Health: -3/69      AC:  8    Str: 10 (11) XL:     9   Next: 33%
Magic:  13/13      EV: 13    Int:  7 (10) God:    Makhleb [**....]
Gold:   2636       SH:  0    Dex: 17 (20) Spells: 8/8 levels left

rFire   + . .        J - +2 long sword (elec)
rCold   . . .        d - orb {light}
rNeg    . . .        C - +0 ring mail
rPois   .            v - +0 helmet
rElec   .            (no cloak)
rCorr   .            (no gloves)
SInv    .            l - +0 pair of boots
Will    .....        (no amulet)
Stlth   +            o - ring of protection from fire
HPRegen 0.31/turn    (no ring)
MPRegen 0.13/turn

%: no passive effects
@: glowing, studying Invocations
A: (nimble swimmer 2), mertail
a: Renounce Religion, Minor Destruction


You were on level 7 of the Dungeon.
You worshipped Makhleb.
Makhleb was pleased with you.
You visited 2 branches of the dungeon, and saw 8 of its levels.

You collected 2636 gold pieces.

Inventory:

Hand Weapons
 t - a +3 dagger
 x - a +0 shortbow
 A - a +0 scimitar
 J - a +2 long sword of electrocution (weapon)
Missiles
 b - 14 poisoned darts (quivered)
 u - 4 atropa-tipped darts
 M - 4 boomerangs
Armour
 d - an orb of light (worn)
 h - a +0 leather armour
 l - a +0 pair of boots (worn)
 r - a +0 scale mail
 v - a +0 helmet (worn)
 C - a +0 ring mail (worn)
Jewellery
 o - a ring of protection from fire (left hand)
 I - a +6 ring of dexterity
Wands
 D - a wand of mindburst (8)
 K - a wand of flame (9)
Scrolls
 a - 3 scrolls of blinking {unknown}
 e - a scroll of amnesia {unknown}
 g - 3 scrolls of identify {unknown}
 i - 3 scrolls of teleportation {unknown}
 j - a scroll of brand weapon {unknown}
 k - 2 scrolls of fear {unknown}
 q - 2 scrolls of vulnerability {unknown}
 y - 2 scrolls of fog {unknown}
 E - 3 scrolls of poison {unknown}
 F - a scroll of noise {unknown}
 N - a scroll of magic mapping {unknown}
Potions
 c - 2 potions of ambrosia
 f - a potion of lignification {unknown}
 m - 2 potions of berserk rage {unknown}
 n - a potion of heal wounds
 p - 2 potions of cancellation {unknown}
 s - a potion of invisibility {unknown}
 w - a potion of might {unknown}
 z - a potion of flight {unknown}
 B - 3 potions of curing
 G - 2 potions of attraction {unknown}
 H - a potion of degeneration
 L - a potion of magic


   Skills:
 + Level 5.7 Fighting
 - Level 2.4(6.2) Short Blades
 + Level 9.1(9.2) Long Blades
 + Level 0.1 Throwing
 + Level 3.8 Armour
 + Level 7.0 Dodging
 + Level 1.6 Stealth
 * Level 5.8 Invocations
 + Level 2.0 Evocations


You had 8 spell levels left.
You didn't know any spells.
Your spell library was empty.

Dungeon Overview and Level Annotations

Branches:
Dungeon (7/15)             Temple (1/1) D:5

Altars:
Ashenzari
Cheibriados
Elyvilon
Fedhas
Gozag
Hepliaklqana
Kikubaaqudgha
Makhleb
Nemelex Xobeh
Okawaru
Qazlal
Ru
Sif Muna
Trog
Vehumet
Wu Jian
Xom
Zin
The Shining One


Innate Abilities, Weirdness & Mutations

((You are very nimble when in or above water. (Stealth+, EV+, Speed+++)))
Your lower body shifts to a powerful aquatic tail in water.


Message History

* * * LOW HITPOINT WARNING * * *
Unknown command.
Okay, then.
Aiming: Mindburst
Press: ? - help, Shift-Dir - straight line, f/p - troll
Aim: a troll (almost dead, covered in acid, haloed, chance to affect: 73%)
The troll's mind is blasted!!
You blow up the troll!
Makhleb accepts your kill.
You feel better.
The troll leather armour is intact enough to wear.
Your Long Blades skill increases to level 9!
Your Dodging skill increases to level 7!
Press: ? - help, v - describe, . - travel, g - get item
Here: a purple ugly thing (haloed)
Items here: a +0 troll leather armour; a troll corpse.
The floor, spattered with blood.
Okay, then.
It was a potion of curing.
You feel better. The purple ugly thing trunk-slaps you.
It was a potion of heal wounds.
You feel much better. The purple ugly thing trunk-slaps you!
It was a potion of degeneration.
There was something very wrong with that liquid.
You feel weakened.
You feel dopey.
You feel clumsy. The purple ugly thing trunk-slaps you!
* * * LOW HITPOINT WARNING * * *
Okay, then.
It was a potion of magic.
Magic courses through your body. The purple ugly thing trunk-slaps you!
* * * LOW HITPOINT WARNING * * *
You feel much better. The purple ugly thing trunk-slaps you!
* * * LOW HITPOINT WARNING * * *
Okay, then.
Aiming: Mindburst
Press: ? - help, Shift-Dir - straight line, f - purple ugly thing
Aim: a purple ugly thing (haloed, chance to affect: 57%)
The purple ugly thing resists with significant effort.
The purple ugly thing trunk-slaps you!
You die...

. ....###### .... .........
#######.##.## .... ....
#P...P#.#....###..#.#...
#.#+#.#.. #.#.......#...
#.#(#.#.## #...#)## #..#
#.###u#..## ##.#.#.#.#<
#P...P#...####.##..##†##
#..###'###@###........#..#
#........u.#..#....####..##
#..#.###.##.##.#..####.#..#
# ..# #...#[.#.#.........#
..# #..#####.#.##.###....
#.. #.#. #.)#........## #.
#. # #...###.##..# # ..
###.........# ## .###+###.#


You could see a purple ugly thing.

Vanquished Creatures
  A troll (D:7)
  An orc warrior (D:6)
  2 ice beasts
  3 sky beasts (D:7)
  3 black bears
  2 ogres
  4 scorpions
  A wight (D:7)
  A killer bee (D:7)
  3 hounds
  3 jellies
  3 orc priests
  2 iguanas
  2 orc wizards
  Robin (D:3)
  6 gnolls
  9 adders
  A shadow imp (D:6)
  A white imp (D:6)
  An ufetubus (D:6)
  3 worms (D:2)
  3 dart slugs
  13 orcs
  6 ball pythons
  3 bats (D:1)
  10 endoplasms
  3 giant cockroaches
  19 goblins
  10 hobgoblins
  2 quokkas
  5 frilled lizards
  8 kobolds
  5 rats
140 creatures vanquished.

Vanquished Creatures (others)
  A rat (D:2)
1 creature vanquished.

Grand Total: 141 creatures vanquished

Notes
Turn   | Place    | Note
-------+----------+-------------------------------------------
     0 | D:1      | monsoonserge the Merfolk Monk began the quest for the Orb.
     0 | D:1      | Reached XP level 1. HP: 18/18 MP: 1/1
   153 | D:1      | Reached skill level 4 in Long Blades
   153 | D:1      | Reached XP level 2. HP: 20/24 MP: 2/2
   683 | D:1      | Reached XP level 3. HP: 29/29 MP: 3/3
   962 | D:2      | Reached XP level 4. HP: 34/37 MP: 4/4
  1099 | D:2      | Reached skill level 1 in Armour
  1334 | D:2      | Reached skill level 5 in Long Blades
  1698 | D:3      | Reached XP level 5. HP: 31/42 MP: 5/5
  1800 | D:3      | Noticed Robin
  1803 | D:3      | Reached skill level 1 in Short Blades
  1815 | D:3      | Killed Robin
  2216 | D:4      | Reached skill level 5 in Dodging
  2309 | D:3      | Reached XP level 6. HP: 46/48 MP: 6/6
  2829 | D:4      | Reached skill level 1 in Stealth
  2829 | D:4      | Reached skill level 1 in Evocations
  2829 | D:4      | Reached XP level 7. HP: 40/55 MP: 7/7
  3103 | D:5      | Entered Level 5 of the Dungeon
  3187 | D:5      | Reached skill level 6 in Long Blades
  3455 | D:5      | Found a staircase to the Ecumenical Temple.
  3464 | Temple   | Entered the Ecumenical Temple
  3672 | Temple   | Became a worshipper of Makhleb the Destroyer
  3672 | Temple   | Reached * piety under Makhleb
  3672 | Temple   | Reached ** piety under Makhleb
  3759 | D:5      | HP: 2/55 [ice beast (7)]
  3998 | D:5      | Reached skill level 1 in Invocations
  3998 | D:5      | Reached XP level 8. HP: 21/61 MP: 8/8
  4483 | D:6      | Identified 4 scrolls of acquirement
  4485 | D:5      | Acquired a manual of Invocations
  4487 | D:5      | Acquired 561 gold pieces
  4489 | D:5      | Acquired 871 gold pieces
  4491 | D:5      | Acquired 916 gold pieces
  4530 | D:6      | Reached skill level 7 in Long Blades
  4666 | D:6      | Reached skill level 5 in Fighting
  4733 | D:6      | Found a white marble altar of Elyvilon.
  5507 | D:7      | Reached skill level 8 in Long Blades
  5534 | D:7      | Reached skill level 5 in Invocations
  5534 | D:7      | Reached XP level 9. HP: 68/68 MP: 12/12
  5592 | D:7      | Noticed a purple ugly thing
  5592 | D:7      | Noticed a troll
  5604 | D:7      | Killed a troll
  5605 | D:7      | Reached skill level 9 in Long Blades
  5608 | D:7      | HP: 2/69 [purple ugly thing (15)]
  5610 | D:7      | Slain by a purple ugly thing

Illustrated notes

Levels and vault maps discovered:
D:1:      mrwooster_arrival_arrow, layout_loops_ring
D:2:      layout_rooms, minivault_11
D:3:      layout_basic, uniq_robin
D:4:      kennysheep_the_goblin_king, layout_gridville
D:5:      layout_cave_pools, lemuel_temple_firewalk_b, item_on_display_a
D:6:      nicolae_BIG_FREAKIN_CUBE, layout_basic, lemuel_crystal_altar
D:7:      layout_basic, mainiacjoe_overflow_two_lobes, minmay_shattered_shrine,
          uniq_joseph
Temple:   hc_temple_tempest_star

Skill      XL: |  1  2  3  4  5  6  7  8  9 |
---------------+----------------------------+-----
Long Blades    | 4 5 6 8 9 |  9.1
Armour         | 1 2 3 |  3.8
Short Blades   | 2 |  2.4
Fighting       | 4 5 |  5.7
Dodging        | 5 6 7 |  7.0
Stealth        | 1 |  1.6
Evocations     | 1 2 |  2.0
Invocations    | 1 5 |  5.8
Throwing       | |  0.1

Action                     |  1- 3 |  4- 6 |  7- 9 || total
---------------------------+-------+-------+-------++-------
  Melee: Falchion          |    73 |    63 |       ||   136
         Dagger            |       |   113 |       ||   113
         Scimitar          |       |    39 |    94 ||   133
         Long sword        |       |       |    50 ||    50
  Throw: Dart              |       |     1 |     2 ||     3
 Invoke: Minor Destruction |       |       |    10 ||    10
  Evoke: Wand              |       |       |     3 ||     3
    Use: Scroll            |       |       |     4 ||     4
         Potion            |       |       |     5 ||     5
 Armour: Leather armour    |    23 |    31 |       ||    54
         Ring mail         |       |     2 |    62 ||    64
  Dodge: Dodged            |    51 |   131 |   121 ||   303
